 Dungeon Crawl Stone Soup version 0.25-a0-50-gf0389da217 (webtiles) character file.

Game seed: 13381335812687164518, levelgen mode: deterministic

246 Arixos the Sneak (level 6, -5/51 HPs)
             Began as a Naga Enchanter on Oct 24, 2019.
             Slain by a gnoll
             ... wielding a +0 spear
              (7 damage)
             ... on level 4 of the Dungeon.
             The game lasted 00:17:05 (3086 turns).

Arixos the Sneak (Naga Enchanter)                   Turns: 3086, Time: 00:17:05

Health: -5/51      AC:  7    Str:  9 (11) XL:     6   Next: 11%
Magic:  2/9        EV:  9    Int: 14 (15) God:
Gold:   68         SH:  0    Dex: 11 (13) Spells: 4/10 levels left

rFire    . . .     SeeInvis +   a - +2 dagger
rCold    . . .     Gourm    .   (no shield)
rNeg     . . .     Faith    .   p - +0 leather armour
rPois    +         Spirit   .   (no helmet)
rElec    .         Reflect  .   n - +2 cloak {rPois}
rCorr    .         Harm     .   j - +0 pair of gloves
MR       .....                  (no barding)
Stlth    +++.......             (no amulet)
HPRegen  0.17/turn              (no ring)
MPRegen  0.11/turn              (no ring)

@: very slow
A: large, see invisible, deformed body, poison resistance, slowness 2, slow
metabolism 1, spit poison 1, AC +2
a: Spit Poison


You were on level 4 of the Dungeon.
You were hungry.

You visited 1 branch of the dungeon, and saw 4 of its levels.

You collected 68 gold pieces.

Inventory:

Hand Weapons
 a - a +2 dagger (weapon)
Missiles
 i - 40 poisoned darts (quivered)
Armour
 b - a +0 robe
 j - a +0 pair of gloves (worn)
 n - a +2 cloak of poison resistance (worn)
 p - a +0 leather armour (worn)
Scrolls
 f - 3 scrolls of identify
 g - a scroll of magic mapping {unknown}
 o - 2 scrolls of teleportation
Potions
 h - a potion of curing {unknown}
 k - 2 potions of degeneration
 l - a potion of lignification {unknown}
 r - a potion of flight {unknown}
 s - a potion of cancellation
Comestibles
 d - 5 rations


   Skills:
 + Level 1.5 Fighting
 + Level 2.3 Short Blades
 + Level 1.3 Armour
 + Level 2.2 Dodging
 + Level 5.4 Stealth
 + Level 2.6 Spellcasting
 + Level 3.6 Hexes
 + Level 1.7 Ice Magic


You had 4 spell levels left.
You knew the following spells:

 Your Spells              Type           Power        Failure   Level  Hunger
a - Ensorcelled Hibernat  Hex/Ice        #.....       16%         2    ###....
b - Corona                Hex            ##.....      7%          1    #......
c - Confuse               Hex            ##......     21%         3    ###....

Your spell library contained the following spells:

 Spells                   Type           Power        Failure   Level  Hunger
 Tukima's Dance           Hex            ##......     21%         3    ###....
 Dazzling Spray           Conj/Hex       #.....       41%         3    ###....


Dungeon Overview and Level Annotations

Branches:
Dungeon (4/15)
 Temple: D:4-7

Altars:
Ashenzari
Trog
Yredelemnul
The Shining One

Annotations:
D:3 Grinder
D:4 Eustachio


Innate Abilities, Weirdness & Mutations

You cannot wear boots.
Your serpentine skin is tough. (AC +2)
You have supernaturally acute eyesight. (SInv)
Armour fits poorly on your strangely shaped body.
Your system is resistant to poisons. (rPois)
You cover ground very slowly.
You have a slow metabolism.
You can spit poison.


Message History

The gnoll hits you from afar with a +0 spear!
* * * LOW HITPOINT WARNING * * *
The gnoll hits you from afar with a +0 spear.
* * * LOW HITPOINT WARNING * * *
Casting: Confuse (safe; 21% risk of failure)
Confirm with . or Enter, or press ? or * to list all spells.
You don't have enough magic to cast that spell.
You struggle against the net.
The gnoll hits you but does no damage.
The gnoll hits you from afar with a +0 spear.
* * * LOW HITPOINT WARNING * * *
You struggle against the net.
You have got your breath back.
The gnoll completely misses you.
The gnoll hits you from afar with a +0 spear.
* * * LOW HITPOINT WARNING * * *
You shred the net and break free! The gnoll barely misses you.
The gnoll hits you from afar with a +0 spear.
* * * LOW HITPOINT WARNING * * *
The gnoll closely misses you. The gnoll hits you with a +0 spear!
You die...

.###.##..####
#...))## .....#
#####..# .....# #..#
.....#
######..#######.....#
................>...#
#######.######O[...%#
########..# #gg....#
#.......#.## #@#
##.......#..####.#
.................#
#.......#..####.#
#.......#...# #.#
#.......#.#.# #.#
#.......#.#..##.#
#.......#.##.##.#
#.......#.# .##.#


You could see an ogre and 2 gnolls.

Vanquished Creatures
  A hound (D:4)
  An orc priest (D:4)
  An orc wizard (D:3)
  5 adders
  2 gnolls (D:4)
  An ooze (D:2)
  2 adder skeletons
  3 dart slugs
  A leopard gecko (D:4)
  11 orcs
  4 giant cockroaches
  7 goblins
  4 hobgoblins
  7 jackals
  2 quokkas
  10 bats
  4 frilled lizards
  3 kobolds (D:3)
  8 rats
77 creatures vanquished.

Vanquished Creatures (others)
  A kobold (D:3)
1 creature vanquished.

Grand Total: 78 creatures vanquished

Notes
Turn   | Place    | Note
-------+----------+-------------------------------------------
     0 | D:1      | Arixos the Naga Enchanter began the quest for the Orb.
     0 | D:1      | Reached XP level 1. HP: 15/15 MP: 3/3
   364 | D:1      | Reached XP level 2. HP: 22/22 MP: 5/5
   368 | D:1      | Learned a level 2 spell: Ensorcelled Hibernation
   884 | D:2      | Reached XP level 3. HP: 27/30 MP: 6/6
   889 | D:2      | Learned a level 3 spell: Confuse
  1647 | D:3      | Reached skill level 1 in Ice Magic
  1647 | D:3      | Reached XP level 4. HP: 37/37 MP: 7/7
  1753 | D:3      | Reached skill level 5 in Stealth
  1943 | D:3      | Reached skill level 1 in Fighting
  1943 | D:3      | Reached XP level 5. HP: 44/44 MP: 1/8
  2001 | D:3      | Reached skill level 1 in Armour
  2067 | D:3      | Noticed Grinder
  2077 | D:3      | Found a glowing golden altar of the Shining One.
  2138 | D:3      | Found a bloodstained altar of Trog.
  2138 | D:3      | Found a shattered altar of Ashenzari.
  2186 | D:3      | Found a basalt altar of Yredelemnul.
  2596 | D:3      | Noticed an angel
  2602 | D:3      | Noticed a profane servitor
  2838 | D:4      | Reached XP level 6. HP: 10/51 MP: 1/9
  2838 | D:4      | HP: 1/51 [orc/+0 morningstar (10)]
  2992 | D:4      | Noticed Eustachio
  3085 | D:4      | HP: 2/51 [gnoll/+0 spear (5)]
  3086 | D:4      | Slain by a gnoll

Levels and vault maps discovered:
D:1:      dpeg_arrival_circle_labyrinth_c, layout_basic
D:2:      layout_basic, first_ration
D:3:      layout_loops_ring, grunt_temple_overflow_holy_war,
          gammafunk_temple_overflow_elements, uniq_grinder
D:4:      layout_basic, nicolae_ru_path_of_blood,
          nicolae_ossuary_entry_monument, uniq_eustachio, uniq_menkaure

Skill      XL: |  1  2  3  4  5 |
---------------+----------------+-----
Ice Magic      | 1 |  1.7
Dodging        | 2 |  2.2
Stealth        | 5 |  5.4
Short Blades   | 2 |  2.3
Fighting       | 1 |  1.5
Armour         | 1 |  1.3
Spellcasting   | |  2.6
Hexes          | |  3.6

Action                   |  1- 3 |  4- 6 || total
-------------------------+-------+-------++-------
Melee: Dagger            |    67 |   125 ||   192
 Cast: Corona            |     2 |       ||     2
       Ensorcelled Hiber |     4 |    22 ||    26
       Confuse           |       |    10 ||    10
 Abil: Spit Poison       |    19 |    22 ||    41
  Use: Potion            |       |     5 ||     5
       Scroll            |       |     6 ||     6
 Stab: Sleeping          |    11 |    16 ||    27
       Confused          |       |     3 ||     3
  Eat: Chunk             |     3 |     7 ||    10
Armor: Robe              |    20 |       ||    20
       Leather armour    |    19 |    57 ||    76
Dodge: Dodged            |    40 |    76 ||   116

Table legend:
 A = Non-vault XP
 B = Vault XP
 C = Vault XP percentage of total XP
 D = Non-vault monster count
 E = Vault monster count
 F = Vault count percentage of total count
                 A         B        C        D         E       F
            +---------+---------+-------+---------+---------+-------
      Total |     352 |       0 |   0.0 |      77 |       0 |   0.0
            +---------+---------+-------+---------+---------+-------
        D:1 |      19 |       0 |   0.0 |      14 |       0 |   0.0
        D:2 |      50 |       0 |   0.0 |      20 |       0 |   0.0
        D:3 |     139 |       0 |   0.0 |      26 |       0 |   0.0
        D:4 |     144 |       0 |   0.0 |      17 |       0 |   0.0
            +---------+---------+-------+---------+---------+-------
